Map: Eternal Empire LE

Players

GOStephano (Stephano) - Winner!

  • Race: Zerg Zerg
  • League: Grandmaster
  • Spawn Location: 1:00

Lambo

  • Race: Zerg Zerg
  • League: Master
  • Spawn Location: 7:00

Event: DreamHack SC2 Masters 2020 Fall

VOD

Have the link to the VOD?

Description

Time

  • Played on: Sept. 6, 2020, 11:22 a.m.
  • Length: 14:55

All games in this series

Show
View Real Time Build Order
Export as new Build Order

GOStephano Zerg - Winner!

Build Orders: Hatch First 

Get SALT Encoding   

  12  0:00  Drone  
  13  0:12  Overlord  
  13  0:16  Drone  
  14  0:30  Drone x2  
  16  0:48  Hatchery  
  15  0:50  Drone  
  15  0:54  Drone  
  17  0:57  Drone  
  18  1:08  Extractor  
  17  1:12  Spawning Pool  
  17  1:16  Drone  
  17  1:19  Drone  
  18  1:27  Drone  
  19  1:38  Drone  
  20  1:48  Drone  
  21  1:59  Drone, Queen x2  
  21  2:00  Zergling x2  
  27  2:10  Drone  
  27  2:11  Metabolic Boost, Overlord  
  28  2:26  Hatchery  
  28  2:28  Drone  
  28  2:31  Drone  
  28  2:34  Drone  
  30  2:40  Queen  
  32  2:45  Overlord  
  32  2:48  Drone  
  33  2:52  Drone  
  33  2:57  Drone, Baneling Nest  
  34  3:02  Drone  
  34  3:04  Drone  
  36  3:08  Drone x2  
  36  3:11  Zergling x2  
  36  3:12  Zergling x2  
  40  3:16  Overlord  
  40  3:21  Drone x2  
  40  3:26  Drone x2  
  44  3:36  Drone x2  
  44  3:40  Drone  
  49  3:42  Drone  
  49  3:44  Zergling x4  
  49  3:45  Baneling  
  49  3:48  Drone x2  
  54  3:51  Lair  
  52  3:59  Zergling x2  
  52  4:00  Drone x3, Zergling x2  
  52  4:02  Extractor x2  
  53  4:06  Drone x3  
  53  4:07  Evolution Chamber  
  55  4:10  Overlord  
  55  4:13  Overlord  
  55  4:18  Drone x2  
  57  4:26  Overlord  
  57  4:30  Overlord  
  57  4:34  Drone x7  
  57  4:37  Roach Warren  
  63  4:40  Drone  
  63  4:42  Drone  
  63  4:43  Extractor  
  64  4:46  Drone  
  64  4:47  Drone x4  
  64  4:50  Drone x3  
  72  4:53  Extractor  
  72  4:54  Extractor  
  72  4:58  Drone x4  
  74  5:06  Spire  
  73  5:12  Drone x2  
  73  5:13  Drone  
  76  5:18  Overseer  
  76  5:24  Drone x3  
  79  5:31  Overlord  
  79  5:32  Glial Reconstitution, Zerg Missile Weapons Level 1  
  79  5:35  Evolution Chamber  
  78  5:44  Overlord  
  78  5:54  Roach x10  
  97  6:01  Zerg Ground Armor Level 1  
  97  6:02  Overlord  
  97  6:06  Overlord  
  97  6:10  Evolution Chamber, Overlord  
  96  6:14  Spore Crawler  
  96  6:18  Zerg Flyer Armor Level 1  
  95  6:21  Spore Crawler x2  
  95  6:22  Spore Crawler  
  95  6:24  Drone x2  
  95  6:25  Spore Crawler  
  90  6:28  Corruptor x6  
  90  6:30  Baneling x3  
  90  6:31  Baneling  
  102  6:33  Drone  
  102  6:35  Drone x2  
  102  6:37  Drone  
  102  6:38  Drone, Overlord  
  107  6:43  Drone x2  
  107  6:44  Spore Crawler  
  108  6:47  Corruptor  
  110  6:54  Corruptor x2  
  114  7:01  Corruptor  
  114  7:02  Corruptor  
  118  7:11  Corruptor  
  118  7:14  Overlord, Spore Crawler  
  119  7:16  Overlord x4  
  119  7:25  Corruptor  
  119  7:27  Overseer  
  121  7:34  Overlord  
  121  7:36  Corruptor x3  
  121  7:41  Corruptor  
  129  7:49  Roach x4  
  129  7:50  Roach  
  139  7:56  Roach x4  
  147  8:00  Roach x3  
  147  8:04  Roach x2  
  147  8:05  Roach  
  159  8:08  Spine Crawler  
  159  8:10  Roach x2  
  160  8:15  Roach, Overlord  
  160  8:17  Overlord  
  162  8:24  Overlord  
  162  8:33  Corruptor x3  
  164  8:38  Overlord  
  160  8:45  Roach x8  
  172  8:52  Roach x4  
  174  8:57  Corruptor  
  166  9:06  Corruptor x2  
  166  9:10  Roach x3  
  160  9:18  Corruptor  
  160  9:23  Corruptor  
  156  9:27  Corruptor  
  156  9:28  Queen x2  
  156  9:29  Queen  
  158  9:33  Corruptor  
  146  9:41  Corruptor  
  130  9:53  Roach x7  
  132  10:02  Corruptor  
  132  10:04  Queen x2  
  130  10:19  Roach x5  
  140  10:24  Corruptor  
  142  10:31  Corruptor  
  144  10:37  Corruptor  
  146  10:43  Spore Crawler x2  
  146  10:44  Tunneling Claws, Hatchery  
  143  10:50  Burrow, Queen  
  143  10:56  Corruptor  
  143  10:57  Spore Crawler x2  
  144  11:01  Spore Crawler  
  142  11:05  Corruptor  
  136  11:15  Corruptor x2  
  140  11:20  Corruptor  
  140  11:24  Roach x3  
  148  11:30  Spore Crawler  
  147  11:33  Corruptor  
  149  11:45  Hatchery  
  148  11:50  Spire  
  141  11:57  Infestation Pit  
  141  11:59  Roach x7  
  154  12:03  Roach x4  
  154  12:09  Roach x2  
  154  12:23  Spore Crawler x2  
  154  12:26  Roach x3  
  150  12:37  Pathogen Glands  
  146  12:44  Drone x3, Roach x2  
  146  12:45  Spore Crawler  
  146  12:46  Spore Crawler  
  146  12:47  Spore Crawler  
  146  12:50  Spore Crawler  
  145  12:54  Roach x4  
  145  12:56  Roach x3  
  153  12:59  Roach x2, Overlord  
  153  13:10  Infestor x4  
  153  13:11  Roach  
  153  13:12  Roach x4  
  160  13:13  Roach x3  
  160  13:15  Unknown  
  153  13:20  Roach  
  153  13:21  Overlord  
  153  13:22  Overlord  
  153  13:23  Overlord x2  
  145  13:28  Overlord  
  145  13:32  Overlord  
  145  13:35  Overlord  
  130  13:47  Corruptor  
  130  13:48  Corruptor x4  
  134  13:51  Infestor x3  
  126  13:57  Roach x5  
  136  14:07  Roach  
  136  14:10  Roach x3  
  136  14:11  Roach  
Show
View Real Time Build Order
Export as new Build Order

Lambo Zerg 

Build Orders: Hatch First 

Get SALT Encoding   

  12  0:00  Drone  
  13  0:12  Overlord  
  13  0:17  Drone  
  14  0:32  Drone x2  
  16  0:47  Hatchery  
  15  0:51  Drone  
  15  0:55  Drone  
  17  0:58  Drone  
  18  1:09  Extractor  
  17  1:13  Spawning Pool  
  17  1:17  Drone  
  17  1:20  Drone  
  18  1:27  Drone  
  19  1:38  Drone  
  20  1:48  Drone  
  21  1:59  Queen x2  
  21  2:00  Overlord, Zergling x2  
  26  2:08  Metabolic Boost  
  26  2:11  Drone x2  
  28  2:22  Drone  
  29  2:23  Zergling x2  
  30  2:35  Hatchery  
  29  2:39  Drone  
  29  2:40  Drone  
  29  2:43  Drone  
  32  2:48  Baneling Nest  
  31  2:55  Overlord  
  31  2:56  Drone  
  31  2:58  Zergling x2  
  33  3:05  Drone  
  33  3:06  Drone  
  33  3:11  Drone  
  36  3:15  Drone x2  
  36  3:16  Drone  
  36  3:18  Zergling x2  
  36  3:19  Overlord  
  40  3:24  Zergling x4  
  42  3:32  Queen, Baneling  
  44  3:38  Zergling x2  
  44  3:39  Drone  
  46  3:44  Drone  
  46  3:45  Drone, Lair  
  46  3:47  Extractor  
  46  3:48  Drone x2  
  49  3:50  Drone  
  49  3:52  Drone  
  49  3:55  Drone x2  
  53  3:59  Drone  
  53  4:00  Baneling  
  53  4:05  Drone x2  
  53  4:06  Evolution Chamber  
  54  4:14  Extractor x2  
  54  4:15  Overlord  
  54  4:16  Drone x3  
  55  4:17  Drone x2  
  55  4:21  Overlord  
  57  4:24  Overlord  
  57  4:26  Drone  
  57  4:34  Drone  
  57  4:38  Zerg Melee Weapons Level 1  
  58  4:42  Overlord  
  58  4:44  Drone  
  59  4:47  Drone x5  
  59  4:48  Drone  
  59  4:49  Drone x2  
  59  4:50  Drone  
  59  4:51  Drone  
  69  4:58  Spire  
  69  4:59  Drone  
  69  5:00  Drone  
  69  5:04  Drone, Extractor  
  69  5:05  Drone, Extractor  
  70  5:08  Drone x2  
  70  5:11  Overlord  
  70  5:13  Drone x2  
  74  5:16  Drone  
  74  5:17  Drone  
  74  5:19  Overlord  
  76  5:22  Overlord  
  75  5:28  Zergling x12  
  75  5:34  Baneling  
  75  5:35  Overlord  
  81  5:42  Zergling x10  
  84  6:08  Hatchery  
  84  6:11  Mutalisk x10  
  83  6:13  Zerg Flyer Weapons Level 1  
  83  6:16  Overlord  
  103  6:19  Mutalisk  
  103  6:25  Mutalisk  
  104  6:27  Drone x5  
  104  6:31  Drone  
  111  6:35  Drone x3  
  111  6:39  Zerg Melee Weapons Level 2, Unknown  
  113  6:40  Drone x2  
  115  6:47  Mutalisk x2  
  115  6:50  Drone  
  115  6:53  Queen  
  122  6:55  Mutalisk  
  122  6:59  Mutalisk  
  125  7:05  Drone  
  125  7:06  Mutalisk  
  125  7:07  Overlord x2  
  125  7:08  Zergling x2  
  129  7:09  Overlord  
  129  7:10  Hatchery  
  129  7:11  Overlord  
  128  7:22  Overlord  
  128  7:27  Mutalisk x4  
  136  7:34  Mutalisk  
  136  7:36  Drone x3  
  141  7:40  Mutalisk, Unknown  
  141  7:42  Overlord  
  142  7:46  Mutalisk x2  
  142  7:50  Drone  
  142  7:51  Drone x3  
  150  7:54  Mutalisk  
  150  7:56  Zergling x10  
  157  8:03  Mutalisk x2  
  161  8:11  Overlord, Mutalisk x2  
  165  8:14  Zergling x2  
  165  8:15  Zergling x4  
  165  8:16  Overlord  
  165  8:19  Mutalisk  
  166  8:22  Mutalisk x2  
  166  8:24  Overlord  
  165  8:28  Hatchery  
  165  8:33  Mutalisk x2  
  154  8:37  Zergling x18  
  152  8:43  Mutalisk x3  
  152  8:45  Zergling x8  
  160  8:50  Mutalisk  
  160  8:51  Mutalisk  
  157  8:59  Mutalisk x2  
  146  9:03  Zergling x14  
  146  9:08  Zergling x2  
  140  9:10  Mutalisk  
  140  9:16  Mutalisk  
  129  9:18  Zergling x6  
  129  9:23  Mutalisk  
  125  9:24  Zergling x6  
  125  9:31  Mutalisk  
  125  9:33  Zergling x8  
  123  9:41  Mutalisk  
  123  9:43  Zergling x6  
  127  9:47  Mutalisk  
  127  9:52  Mutalisk  
  123  9:54  Zergling x2  
  123  9:59  Mutalisk  
  126  10:01  Zergling x2  
  126  10:08  Mutalisk  
  128  10:16  Mutalisk  
  128  10:18  Zergling x4  
  128  10:19  Zergling x2  
  128  10:21  Extractor  
  132  10:24  Extractor  
  132  10:25  Queen  
  132  10:28  Mutalisk  
  133  10:32  Drone x3  
  138  10:36  Mutalisk  
  140  10:44  Mutalisk  
  140  10:46  Zergling x6  
  145  10:54  Mutalisk  
  145  10:56  Zergling x8  
  150  11:06  Mutalisk x2  
  150  11:11  Mutalisk  
  150  11:13  Drone x4  
  155  11:23  Hatchery  
  154  11:26  Mutalisk  
  154  11:29  Mutalisk  
  158  11:33  Mutalisk  
  160  11:40  Zergling x10  
  165  11:51  Mutalisk x3  
  158  11:54  Zergling x6  
  158  11:59  Mutalisk x2  
  164  12:06  Overseer  
  164  12:07  Pneumatized Carapace  
  164  12:09  Overseer  
  164  12:14  Zergling x12  
  170  12:21  Mutalisk  
  172  12:28  Zergling x12  
  178  12:36  Mutalisk x2  
  178  12:37  Mutalisk  
  176  12:39  Overlord  
  182  12:54  Overlord  
  182  12:57  Drone  
  182  12:58  Overlord  
  183  13:00  Overlord  
  183  13:09  Mutalisk x4  
  185  13:19  Mutalisk  
  179  13:25  Zergling x2  
  179  13:26  Zergling x20  
  184  13:28  Overseer  
  177  13:36  Mutalisk x2  
  165  13:42  Mutalisk  
  165  13:45  Drone  
  165  13:47  Mutalisk  
  159  13:54  Mutalisk  
  159  13:56  Zergling x10  
  164  14:06  Drone x3  
  164  14:09  Mutalisk x2  
  167  14:16  Mutalisk  
  166  14:20  Zergling x12  
  169  14:29  Mutalisk x2  

Tags
 
Add a new tag
Caveats
  • Supply blocks, unpowered buildings, or Contaminate may cause inaccurate times.
  • Supply counts are checked every 10 seconds.